 Dungeon Crawl Stone Soup version 0.28.0-62-gf88900778d (webtiles) character file.

Game seed: 8171251147095605183

240 Fartwhistle the Changer (level 6, 0/38 HPs)
             Began as an Octopode Transmuter on June 6, 2023.
             Slain by a killer bee (7 damage)
             ... on level 4 of the Dungeon.
             The game lasted 00:05:24 (3706 turns).

Fartwhistle the Changer (Octopode Transmuter)       Turns: 3706, Time: 00:05:24

Health: 0/38       AC:  2    Str:  9    XL:     6   Next: 8%
Magic:  5/11       EV: 19    Int: 17    God:
Gold:   64         SH:  0    Dex: 18    Spells: 5/11 levels left

rFire   . . .      SeeInvis .     - Unarmed
rCold   . . .      Faith    .   (shield currently unavailable)
rNeg    . . .      Spirit   .   (helmet currently unavailable)
rPois   x          Reflect  .   (no amulet)
rElec   .          Harm     .   (no ring)
rCorr   .          Rampage  .   (no ring)
Will    .....                   (no ring)
Stlth   ++........              (no ring)
HPRegen 0.12/turn               (no ring)
MPRegen 0.12/turn               (no ring)
                                (no ring)
                                (no ring)

@: lethally poisoned (0 -> -1), spider-form, wereblooded
A: venomous fangs, almost no armour, (amphibious), 8 rings, tiny, (camouflage
1), (gelatinous body 1), (nimble swimmer 1), (tentacles)
a: End Transformation


You were on level 4 of the Dungeon.
You were a venomous arachnid creature.
You visited 1 branch of the dungeon, and saw 4 of its levels.

You collected 64 gold pieces.

Inventory:

Magical Staves
 j - a staff of conjuration
 k - a staff of air
Scrolls
 a - 3 scrolls of identify {unknown}
 b - 2 scrolls of fog {unknown}
 c - 2 scrolls of teleportation {unknown}
 f - a scroll of magic mapping {unknown}
 g - a scroll of immolation {unknown}
 i - a scroll of torment {unknown}
 l - a scroll of holy word {unknown}
 n - a scroll of vulnerability {unknown}
Potions
 d - a potion of might {unknown}
 e - a potion of invisibility {unknown}
 h - a potion of ambrosia {unknown}
 m - 2 potions of heal wounds {unknown}


   Skills:
 - Level 1.1 Fighting
 - Level 2.0 Dodging
 - Level 3.0 Unarmed Combat
 + Level 3.4 Spellcasting
 * Level 4.8 Transmutations
 - Level 2.0 Poison Magic


You had 5 spell levels left.
You knew the following spells:

 Your Spells              Type           Power      Damage    Failure   Level
a - Beastly Appendage     Tmut           38%        N/A       9%          1
b - Wereblood             Tmut           19%        N/A       12%         2
c - Spider Form           Tmut/Pois      14%        N/A       28%         3

Your spell library contained the following spells:

 Spells                   Type           Power      Damage    Failure   Level
 Passwall                 Tmut/Erth      9%         N/A       24%         2
 Sandblast                Erth           4%         2d4       36%         1
 Stone Arrow              Conj/Erth      4%         3d7       67%         3
 Tukima's Dance           Hex            2%         N/A       67%         3
 Ice Form                 Ice/Tmut       11%        N/A       73%         4
 Anguish                  Hex/Necr       1%         N/A       95%         4
 Enfeeble                 Hex            1%         N/A       100%        7


Dungeon Overview and Level Annotations

Branches:
Dungeon (4/15)
 Temple: D:4-7

Altars:

Shops:
D:3 (


Innate Abilities, Weirdness & Mutations

You are a venomous arachnid creature.
You have poisonous fangs.
You are tiny and dextrous.
Your spellcasting is less reliable in this form.
Your armour is entirely melded.
You are incapable of wielding weapons or throwing items.
You cannot wear most types of armour.
((You are amphibious.))
You can wear up to eight rings at the same time.
((Your skin changes colour to match your surroundings (Stealth+).))
((Your rubbery body absorbs attacks. (AC +1, EV +1)))
((You are camouflaged when in or above water. (Stealth+)))
((You have tentacles for arms and can constrict up to eight enemies at once.))


Message History

You feel very sick. The killer bee barely misses you.
The killer bee completely misses you.
You hit the killer bee.
The killer bee is moderately wounded.
You feel very sick. The killer bee closely misses you.
The killer bee misses you.
You closely miss the killer bee.
The killer bee is moderately wounded.
You feel very sick. The killer bee misses you.
The killer bee barely misses you.
You hit the killer bee but do no damage.
The killer bee is moderately wounded.
You feel sick. The killer bee closely misses you. x2
You closely miss the killer bee.
The killer bee is moderately wounded.
You feel sick. The killer bee barely misses you. The killer bee stings you.
You hit the killer bee.
The killer bee is poisoned.
The killer bee is heavily wounded.
You feel sick. The killer bee misses you. The killer bee closely misses you.
You barely miss the killer bee.
The killer bee is heavily wounded.
You feel sick. The killer bee completely misses you. The killer bee misses you.
You closely miss the killer bee.
The killer bee is severely wounded.
You feel sick. The killer bee closely misses you.
You barely miss the killer bee.
The killer bee is almost dead.
You feel sick. The killer bee barely misses you.
The killer bee closely misses you.
You barely miss the killer bee.
The killer bee is almost dead.
You feel sick.
You feel a bit better.
You kill the killer bee!
The killer bee misses you.
You have reached level 6!
You hit the killer bee.
The killer bee is poisoned.
The killer bee is moderately wounded.
You hiss as the wereblood boils in your veins!
The killer bee stings you!
You die...

#......... #o#
###.#.#.## #o#
#.....# #.#
###.### #y# #.#
#y# #.#
#y###########.####
#y#..............#
#s#..###########.#
#....# #####.#
###.## #...... #.#
#.###.# ... #.#
..... #.# #####.
#.# .# #.# . #).


You could see 4 killer bees and 2 orcs.

Vanquished Creatures
  A killer bee (D:4)
  A jelly (D:4)
  A centaur skeleton (D:2)
  An iguana (D:3)
  4 adders
  An ufetubus (D:4)
  An adder skeleton (D:4)
  3 dart slugs
  4 ball pythons
  11 endoplasms
  A giant cockroach (D:4)
  3 goblins
  10 hobgoblins
  3 jackals (D:3)
  A kobold (D:1)
  3 quokkas
  4 bats
  4 frilled lizards
  5 rats
62 creatures vanquished.

Notes
Turn   | Place    | Note
-------+----------+-------------------------------------------
     0 | D:1      | Fartwhistle the Octopode Transmuter began the quest for the
                  | Orb.
     0 | D:1      | Reached XP level 1. HP: 13/13 MP: 3/3
   237 | D:1      | Reached XP level 2. HP: 17/18 MP: 5/5
   246 | D:1      | Learned a level 2 spell: Wereblood
   826 | D:1      | Reached XP level 3. HP: 19/23 MP: 4/6
   830 | D:1      | Learned a level 3 spell: Spider Form
  1030 | D:1      | Found a faded altar of an unknown god.
  1104 | D:2      | Reached skill level 3 in Transmutations
  1330 | D:2      | Reached skill level 1 in Poison Magic
  1330 | D:2      | Reached XP level 4. HP: 25/28 MP: 5/8
  2665 | D:3      | Reached XP level 5. HP: 32/33 MP: 5/9
  2707 | D:3      | Reached skill level 4 in Transmutations
  2890 | D:3      | Found Dibraxzi's Weapon Emporium.
  3706 | D:4      | Reached XP level 6. HP: 7/38 MP: 5/11
  3706 | D:4      | Slain by a killer bee

Illustrated notes

Levels and vault maps discovered:
D:1:      dpeg_arrival_simpleton_a, layout_rooms,
          shapermc_ecumenical_altar_pompeii
D:2:      layout_loops_cross, minmay_crystal_water, kennysheep_generic_room_11
D:3:      layout_basic, serial_shops, nicolae_shop_bloodbath_and_beyond
D:4:      layout_loops_ring

Skill      XL: |  1  2  3  4  5 |
---------------+----------------+-----
Transmutations | 3 4 |  4.8
Poison Magic   | 1 2 |  2.0
Spellcasting   | 3 |  3.4
Fighting       | |  1.1
Dodging        | |  2.0
Unarmed Combat | |  3.0

Action                   |  1- 3 |  4- 6 || total
-------------------------+-------+-------++-------
Melee: Unarmed           |    61 |    93 ||   154
       Constrict         |    14 |    21 ||    35
       Tentacles         |    15 |    15 ||    30
       Kick              |    18 |     2 ||    20
       Punch             |     2 |     4 ||     6
 Cast: Beastly Appendage |    11 |     3 ||    14
       Wereblood         |     3 |     4 ||     7
       Spider Form       |       |     3 ||     3
 Stab: Sleeping          |     2 |     4 ||     6
Armor: Skin              |     3 |     6 ||     9
Dodge: Dodged            |    31 |    79 ||   110
